 Dungeon Crawl Stone Soup version 0.22-a0-402-ga933591 (webtiles) character file.

135 Ijustatesigmund the Chopper (level 5, 0/37 HPs)
             Began as an Octopode Fighter on May 7, 2018.
             Was an Initiate of the Shining One.
             Slain by a gnoll
             ... wielding a +2 spear of freezing
              (2 damage)
             ... on level 3 of the Dungeon.
             The game lasted 00:04:17 (2021 turns).

Ijustatesigmund the Chopper (Octopode Fighter)      Turns: 2021, Time: 00:04:18

Health: 0/37       AC:  1    Str: 20    XL:     5   Next: 18%
Magic:  5/5        EV: 14    Int: 10    God:    the Shining One [......]
Gold:   131        SH:  4    Dex: 13    Spells: 4/4 levels left

rFire    . . .     SeeInvis .   a - +1 war axe
rCold    . . .     Gourm    .   f - +0 buckler {reflect}
rNeg     . . .     Faith    .   (helmet restricted)
rPois    .         Spirit   .   (no amulet)
rElec    .         Reflect  +   h - ring of resist corrosion
rCorr    +         Harm     .   (no ring)
MR       .....                  (no ring)
Stlth    +.........             (no ring)
HPRegen  0.12/turn              (no ring)
MPRegen  0.09/turn              (no ring)
                                (no ring)
                                (no ring)

@: mighty, glowing
A: almost no armour, stealthy swim, amphibious, 8 rings, constrict 8, camouflage
1, gelatinous body 1
a: Renounce Religion


You were on level 3 of the Dungeon.
You worshipped the Shining One.
The Shining One was noncommittal.
You were hungry.

You visited 1 branch of the dungeon, and saw 3 of its levels.

You collected 131 gold pieces.

Inventory:

Hand Weapons
 a - a +1 war axe (weapon)
Missiles
 j - 10 tomahawks (quivered)
Armour
 b - a +0 shield
 f - a +0 buckler of reflection (worn)
Jewellery
 h - a ring of resist corrosion (left tentacle)
Scrolls
 k - 3 scrolls of identify
Potions
 e - 2 potions of lignification
 i - a potion of curing
Comestibles
 d - 4 rations


   Skills:
 + Level 3.9 Fighting
 + Level 4.5 Axes
 - Level 3.0 Dodging
 - Level 3.0 Shields


You had 4 spell levels left.
You didn't know any spells.

Dungeon Overview and Level Annotations

Branches:
Dungeon (3/15)

Altars:
Hepliaklqana
Xom
The Shining One


Innate Abilities, Weirdness & Mutations

You cannot wear most types of armour.
You are very stealthy in the water. (Stealth+)
You are amphibious.
You can wear up to eight rings at the same time.
You can use your tentacles to constrict eight enemies at once.
Your skin changes colour to match your surroundings (Stealth+).
Your rubbery body absorbs attacks. (AC +1, EV +1)


Message History

The gnoll closely misses you.
You release your grip on the gnoll.
The gnoll hits you from afar with a spear.
You slash the gnoll!
You kill the gnoll!
The gnoll misses you.
The gnoll hits you from afar with a spear of freezing!
The gnoll freezes you.
You are feeling hungry.
The gnoll closely misses you.
The gnoll hits you from afar with a spear of freezing!
* * * LOW HITPOINT WARNING * * *
The gnoll freezes you.
* * * LOW HITPOINT WARNING * * *
You slice the gnoll!!
You kill the gnoll!
The gnoll hits you from afar with a spear of freezing.
* * * LOW HITPOINT WARNING * * *
The gnoll freezes you.
You die...

...####### #.#.##........#
.........# #.#.##.#......# ****
.........# #.#.####......# *,,,
.........###.#...........# *,*,
..............############****,*,
######........#####...# *,,,,*,
.....†..............#,*****,****,
..............##....#,,,,,,,**,,,
........########@#.#.(..,,,,,,,**
........#******#)#,..,..,,,,,,,*
........##....!.g=......,,,,,,,*
........##.......?..####********
........##......<...#
........##.......(..#
........##...$......#
##########..........#
#..........#


You could see a gnoll.

Vanquished Creatures
  3 gnolls (D:3)
  3 adders (D:3)
  An ooze (D:1)
  A worm (D:3)
  3 dart slugs
  3 leopard geckos
  2 orcs
  3 giant cockroaches
  5 hobgoblins
  3 jackals (D:1)
  A quokka (D:3)
  7 bats
  3 frilled lizards
  7 goblins
  10 kobolds
  7 rats
62 creatures vanquished.

Notes
Turn   | Place    | Note
-------+----------+-------------------------------------------
     0 | D:1      | Ijustatesigmund the Octopode Fighter began the quest for the Orb.
     0 | D:1      | Reached XP level 1. HP: 16/16 MP: 1/1
   118 | D:1      | Reached XP level 2. HP: 21/21 MP: 2/2
   245 | D:1      | Reached skill level 3 in Axes
   368 | D:1      | Reached XP level 3. HP: 21/26 MP: 3/3
   745 | D:2      | Found a shimmering altar of Xom.
   746 | D:2      | Found a hazy altar of Hepliaklqana.
   746 | D:2      | Noticed a tentacled monstrosity
   747 | D:2      | Noticed a tentacled monstrosity
   747 | D:2      | Noticed a spectral ugly thing
   977 | D:2      | Reached skill level 4 in Axes
  1006 | D:2      | Reached XP level 4. HP: 18/31 MP: 4/4
  1254 | D:2      | Found a glowing golden altar of the Shining One.
  1465 | D:2      | Became a worshipper of the Shining One
  2013 | D:3      | Reached XP level 5. HP: 36/37 MP: 5/5
  2015 | D:3      | HP: 1/37 [gnoll/flail (14)]
  2021 | D:3      | Slain by a gnoll

Vault maps used:
D:1:      shiori_shiawase
D:2:      regret_index_temple_of_mockery, lemuel_coloured_pillars_altar

Skill      XL: |  1  2  3 |
---------------+----------+-----
Axes           | 3 4 |  4.5
Fighting       | |  3.9
Dodging        | |  3.0
Shields        | |  3.0

Action                   |  1- 3 |  4- 6 || total
-------------------------+-------+-------++-------
Melee: War axe           |    57 |    29 ||    86
       Constrict         |    10 |     5 ||    15
       Tentacles         |     4 |     5 ||     9
Throw: Tomahawk          |       |     1 ||     1
  Use: Scroll            |     6 |     2 ||     8
       Potion            |       |     2 ||     2
 Stab: Sleeping          |    10 |       ||    10
       Distracted        |     1 |       ||     1
  Eat: Chunk             |       |     3 ||     3
Armor: Skin              |     3 |     1 ||     4
Dodge: Dodged            |    29 |    15 ||    44
Block: Shield            |     2 |       ||     2
       Buckler           |     8 |     8 ||    16
       Reflection        |       |     1 ||     1

Table legend:
 A = Spawn XP
 B = Non-spawn XP
 C = Spawn XP percentage of total XP
 D = Spawn monster count
 E = Non-spawn monster count
 F = Spawn count percentage of total count
 G = Total turns spent on level
                    A         B        C        D         E        F      G
               +---------+---------+-------+---------+---------+-------+---------
         Total |       0 |     194 |   0.0 |       0 |      62 |   0.0 |  2021
               +---------+---------+-------+---------+---------+-------+---------
           D:1 |       0 |      58 |   0.0 |       0 |      30 |   0.0 |   730
           D:2 |       0 |      27 |   0.0 |       0 |      15 |   0.0 |   914
           D:3 |       0 |     109 |   0.0 |       0 |      17 |   0.0 |   377
               +---------+---------+-------+---------+---------+-------+---------
